 Dungeon Crawl Stone Soup version 0.14-a0-1378-gf8e6a88 (webtiles) character file.

351798 Daniel the Impregnable (level 20, -7/199 HPs)
             Began as a Deep Dwarf Fighter on Dec 6, 2013.
             Was the Champion of Makhleb.
             Killed by divine providence
             ... invoked by a mummy priest
              (9 damage)
             ... on Level 1 of the Tomb of the Ancients on Dec 8, 2013.
             The game lasted 03:54:10 (29587 turns).

Daniel the Impregnable (Deep Dwarf Fighter)        Turns: 29587, Time: 03:54:10

HP  -7/199       AC 35     Str 29      XL: 20   Next: 77%
MP  16/18        EV  7     Int 10 (11) God: Makhleb [******]
Gold 7895        SH 14     Dex 14      Spells:  0 memorised, 19 levels left

rFire  . . .     SeeInvis .     t - +1,+2 demon blade (elec)
rCold  . . .     Clarity  .     A - +0 crystal plate armour "Emak" {Str+3}
rNeg   + . .     Conserve .     g - +2 dwarf buckler {reflect} (curse)
rPois  .         rCorr    .     R - +1 wizard hat {MR+}
rElec  .         rRot     .     Q - +1 cloak "Uxuic" {Int+3}
SustAb . .       Spirit   .     O - +0 pair of gloves
rMut   .         Warding  .     Y - +0 pair of boots {run}
Gourm  +         RndTele  +     h - amulet "Phuprot" {Gourm Dex+2 Int-4}
                                C - ring of teleportation
                                e - +0,+7 ring of slaying

@: non-regenerating, quick, extraordinarily resistant to hostile enchantments,
extremely unstealthy
A: damage resistance, recharge devices, horns 1, magic resistance 1, life
protection 1, sense surroundings 3, slow healing 3
a: Device Recharging, Minor Destruction, Lesser Servant of Makhleb, Major
Destruction, Greater Servant of Makhleb, Renounce Religion, Evoke Teleportation
}: 3/15 runes: decaying, serpentine, silver


You were on level 1 of the Tomb of the Ancients.
You worshipped Makhleb.
Makhleb was exalted by your worship.
You were not hungry.

You visited 10 branches of the dungeon, and saw 51 of its levels.
You also visited: Labyrinth and Volcano.

You collected 8497 gold pieces.
You spent 602 gold pieces at shops.

Inventory:

Hand weapons
 t - a +1,+2 demon blade of electrocution (weapon)
 B - a +2,+1 great sword of holy wrath
 I - a +5,+5 orcish scimitar of flaming
Missiles
 r - 11 tomahawks (quivered)
Armour
 g - a cursed +2 dwarven buckler of reflection (worn)
 A - the +0 crystal plate armour "Emak" (worn) {Str+3}
   (You acquired it on level 5 of the Swamp)

   It affects your strength (+3).
 O - a +0 pair of gloves (worn)
 Q - the +1 cloak "Uxuic" (worn) {Int+3}
   (You found it on level 1 of the Swamp)

   It affects your intelligence (+3).
 R - a +1 wizard hat of magic resistance (worn)
 Y - a +0 pair of boots of running (worn)
Magical devices
 d - a wand of heal wounds (5)
 k - a wand of teleportation (5)
 n - a wand of cold (12)
 o - a wand of digging (20)
 v - a wand of disintegration (7)
 x - a wand of teleportation (3)
 L - a wand of draining (9)
 N - a wand of digging (9)
Comestibles
 f - 9 bread rations
 E - 8 meat rations
Scrolls
 s - 4 scrolls of blinking
 y - a scroll of magic mapping
 K - 3 scrolls of remove curse
 M - a scroll of fog
 P - 4 scrolls of identify
 U - a scroll of enchant armour
 W - 2 scrolls of enchant weapon I
Jewellery
 b - an uncursed ring of see invisible
 e - a +0,+7 ring of slaying (left hand)
 h - the amulet "Phuprot" (around neck) {Gourm Dex+2 Int-4}
   (You took it off a deep elf demonologist on level 3 of the Elven Halls)

   [amulet of the gourmand]

   It affects your intelligence (-4).
   It affects your dexterity (+2).
 m - the ring "Otweke Tily" {SustAb rPois Str+1}
   (You took it off a deep elf blademaster on level 3 of the Elven Halls)

   [ring of sustain abilities]

   It affects your strength (+1).
   It protects you from poison.
 w - an uncursed ring of fire {unknown}
 z - an uncursed ring of poison resistance {unknown}
 C - a ring of teleportation (right hand)
 J - an uncursed ring of positive energy
 S - an uncursed ring of protection from magic
 V - an uncursed amulet of resist mutation
Potions
 a - a potion of flight
 c - 3 potions of agility
 j - 4 potions of restore abilities
 l - 3 potions of berserk rage
 q - 4 potions of heal wounds
 u - a potion of magic
 D - 16 potions of curing
 G - a potion of speed
 H - a potion of lignification
 T - a potion of blood
Miscellaneous
 i - a lamp of fire
 p - a fan of gales
 F - a lamp of fire
 X - a stone of tremors
 Z - a stone of tremors


   Skills:
 + Level 16.7 Fighting
 - Level 17.6 Long Blades
 * Level 21.9 Armour
 - Level 5.9 Shields
 - Level 11.7 Invocations
 + Level 21.0 Evocations


You had 19 spell levels left.
You didn't know any spells.

Dungeon Overview and Level Annotations

Branches:
Dungeon (15/16)            Temple (1/1) D:4             Orc (4/4) D:10
    Elf (3/3) Orc:4          Lair (8/8) D:8           Swamp (5/5) Lair:6
  Snake (5/5) Lair:6        Slime (0/6) Lair:7       Vaults (5/5) D:14
  Blade (0/1) Vaults:3      Crypt (4/5) Vaults:2       Tomb (1/3) Crypt:2

Altars:
Ashenzari
Cheibriados
Elyvilon
Fedhas
Kikubaaqudgha
Makhleb
Nemelex Xobeh
Okawaru
Sif Muna
Trog
Vehumet
Xom
Yredelemnul
Zin
the Shining One
Beogh
Jiyva

Shops:
D:12 %   Orc:3 *   Orc:4 [%%/   Elf:2 +   Vaults:3 (

Annotations:
Lair:4 exclusion: oklob plant
Swamp:3 exclusion: Roxanne, Roxanne
Snake:5 Lamia


Innate Abilities, Weirdness & Mutations

You are resistant to damage.
You can recharge devices by infusing magical energy.
You resist negative energy.
You passively map a large area around you.
You do not heal naturally.
You have a pair of small horns on your head.
You are resistant to hostile enchantments.


Message History

The guardian mummy barely misses you. The ettin skeleton barely misses you.
The ettin skeleton hits you.
* * * LOW HITPOINT WARNING * * *
The mummy priest mumbles some strange prayers to its god against you.
Something smites you!
* * * LOW HITPOINT WARNING * * *
Evoke which item? (* to show all) (? for menu, Esc to quit)
Zapping:
d - a wand of heal wounds (6)
Press: ? - help, Shift-Dir - straight line, f - you You feel much better.
This wand has 5 charges left.
You block its attack. It hits you but does no damage.
It bites you but does no damage.
You block the stone giant skeleton's attack.
The guardian mummy hits you but does no damage.
The ettin skeleton hits you!
* * * LOW HITPOINT WARNING * * *
The ettin skeleton hits you!
* * * LOW HITPOINT WARNING * * *
The mummy priest mumbles some strange prayers to its god against you.
Something smites you!
You die... · · ··· · · ░ ·· · ·· · ▒■■■■■▒▒░· ░ ▒∙∙∙∙∙∙∙▒▒▒ ░ ░ · · ∙∙∙∙∙∙∙∙∙∙∙ · · ∙∙∙∙∙∙∙∙∙∙∙

· ∙∙∙∙∙∙∙∙∙∙▒ ░
░ ░░ ·
∙∙∙∙∙∙∙∙∙∙∙▒· ░
· ··
∙∙∙∙∙∙∙∙ZM∙▒ ·░
·░·· · ··
··∙∙∙∙∙∙∙M@Z∙▒ ·
∙∙∙∙∙∙∙∙MM∙∙▒· ░
· ·· ·
∙∙∙∙∙∙∙∙∙∙∙∙▒ ·
· ░ ·
∙∙∙∙∙∙M∙∙M∙∙▒
░░░░░░ · ··
·∙∙∙∙∙∙∙∙∙∙∙▒···
· ░ · · ·
∙∙∙∙∙∙∙∙∙∙∙▒····
· ░ ∙∙∙∙∙∙∙∙∙M∙▒
░ · M∙∙∙∙∙∙∙M∙∙·
· ░ · ·· ·


∙∙∙∙∙∙∙∙∙∙∙ · · You could see a greater mummy, 4 mummy priests, 2 guardian
mummies, a mummy, an ettin skeleton and a stone giant skeleton.

Vanquished Creatures
  Saint Roka (Elf:3)
  the Lernaean hydra (Swamp:5)
  Norris (Elf:2)
  A golden dragon (Vaults:5)
  Nikola (Elf:2)
  A tentacled monstrosity (Vaults:5)
  4 deep elf blademasters (Elf:3)
  2 deep elf master archers (Elf:3)
  The ghost of Illaniel the Carver, a mighty HESk of Okawaru (Snake:5)
  A storm dragon (Vaults:5)
  Rupert (Swamp:5)
  Agnes (Snake:5)
  2 sphinxes
  Frances (Crypt:4)
  10 tengu reavers (Vaults:5)
  3 shadow dragons (Vaults:5)
  A revenant (Crypt:2)
  2 fire giants (Vaults:5)
  6 deep elf sorcerers
  3 ghouls (Crypt:3)
  Louise (Elf:2)
  Gastronok (Lair:1)
  An emperor scorpion (shapeshifter) (Vaults:5)
  8 vault wardens
  Jorgrun (Elf:3)
  20 stone giants
  6 greater nagas (Snake:5)
  5 deep elf demonologists (Elf:3)
  3 eidola
  4 deep elf annihilators (Elf:3)
  2 ettins
  A minotaur (Lab)
  2 jiangshi (Crypt:2)
  6 deep elf death magi
  31 vault guards
  7 yaktaur captains
  The ghost of runewalsh the Covert, a powerful OpWz of Nemelex Xobeh (Lair:3)
  6 ogre magi
  A great orb of eyes (Vaults:3)
  5 deep elf high priests (Elf:3)
  A great orb of eyes (shapeshifter) (Vaults:5)
  7 ironheart preservers
  Fannar (D:10)
  A fire dragon (Vaults:3)
  A ravenous feature mimic (Swamp:2)
  A ravenous item mimic (Vaults:5)
  25 hydras
  2 dancing weapons (Vaults:3)
  The ghost of oplop the Basher, a powerful DsAK of Lugonu (Volcano)
  9 alligators
  An anaconda (Snake:3)
  A deep dwarf death knight (Crypt:2)
  A rakshasa (D:15)
  A deep troll earth mage (Vaults:3)
  The ghost of timbw the Cleaver, an experienced HuGl of Makhleb (D:9)
  A very ugly thing (Vaults:2)
  A vampire mage (Crypt:4)
  An orc high priest (Orc:4)
  19 naga warriors
  4 spectral elves
  3 centaur warriors
  Nergalle (Lair:1)
  2 sun demons
  2 fire crabs
  5 skeletal warriors (D:15)
  13 deep elf knights
  2 deep trolls (Vaults:3)
  An unseen horror (D:10)
  Erolcha (D:9)
  An iron troll (Vaults:5)
  A wizard (Lair:8)
  11 swamp dragons
  A flaming corpse (Crypt:1)
  A necromancer (Crypt:1)
  11 deep elf conjurers
  8 ironbrand convokers
  4 hill giants
  A wolf spider zombie (D:15)
  6 orc sorcerers
  2 griffons
  4 red wasps
  2 cyclopes
  A phantasmal warrior (Crypt:3)
  8 orc knights
  A wolf spider (Vaults:3)
  13 vault sentinels
  A spiny worm (Vaults:3)
  A frost giant skeleton (Crypt:1)
  4 deep elf summoners
  A guardian serpent (shapeshifter) (Vaults:1)
  2 elephants (shapeshifter) (Vaults:5)
  4 guardian serpents
  A stone giant skeleton (Crypt:1)
  A spiny frog (shapeshifter) (Vaults:2)
  25 spiny frogs
  2 orange demons
  An efreet (D:14)
  An item mimic (Snake:3)
  2 small abominations
  A feature mimic (Lair:8)
  7 hellwings (Lair:8)
  A black mamba (shapeshifter) (Vaults:2)
  A smoke demon (Lair:8)
  19 black mambas
  28 yaktaurs
  An elf (shapeshifter) (D:15)
  4 guardian mummies (Crypt:2)
  5 trolls
  A jumping spider (Vaults:3)
  5 komodo dragons
  39 naga magi
  8 deep elf priests
  A hydra zombie (Crypt:1)
  7 fire drakes
  A giant firefly (shapeshifter) (Vaults:5)
  22 slime creatures
  3 ravens
  Prince Ribbit (D:9)
  12 two-headed ogres
  A boulder beetle (Vaults:3)
  5 giant leeches
  A griffon zombie (D:15)
  2 baby alligators (Swamp:1)
  7 bog bodies
  21 deep elf magi
  A shadow (Crypt:1)
  A dryad zombie (Crypt:1)
  A ynoxinul (Orc:4)
  3 wraiths
  The ghost of Seskara the Bolt Thrower, an average GrHu of Okawaru (D:4)
  2 wyverns
  A trapdoor spider (D:12)
  4 sharks
  A tarantella (shapeshifter) (Vaults:5)
  32 yaks
  5 basilisks
  7 hippogriffs
  3 redbacks (Vaults:3)
  A hog (shapeshifter) (Vaults:1)
  An elephant slug (Lair:6)
  22 ugly things
  Eustachio (D:3)
  A fire elemental (Elf:2)
  A wind drake zombie (Crypt:1)
  3 vampires
  A water nymph zombie (Crypt:1)
  Grum (D:8)
  16 vampire mosquitoes
  17 wolves
  A clay golem (D:14)
  2 hogs (Swamp:3)
  A hill giant skeleton (D:14)
  18 deep elf fighters
  2 hungry ghosts
  2 manticores
  Edmund (D:5)
  32 swamp worms
  9 porcupines
  2 necrophages (Crypt:3)
  15 swamp drakes
  4 ice beasts
  A mottled dragon (D:15)
  6 wandering mushrooms (Lair:8)
  A human (D:8)
  50 nagas
  6 giant goldfish
  36 orc warriors
  3 sky beasts
  5 freezing wraiths
  15 crocodiles
  4 boring beetles
  2 rotting devils (Lair:8)
  3 wargs
  4 fire bats (Volcano)
  A phantom (D:7)
  4 centaurs
  26 ogres
  A gnoll sergeant (D:8)
  A yaktaur zombie (Tomb:1)
  27 water moccasins
  10 giant slugs
  A brain worm (shapeshifter) (Elf:1)
  6 giant frogs
  8 agate snails
  4 jellies
  9 insubstantial wisps (Swamp:5)
  A cyclops skeleton (D:11)
  19 wights
  An orb spider zombie (Crypt:2)
  2 vampire bats (D:12)
  A troll zombie (D:14)
  9 jellyfish
  A hippogriff skeleton (D:8)
  A wolf zombie (Crypt:1)
  18 killer bees
  10 electric eels
  2 quasits
  A giant frog zombie (D:10)
  A water moccasin zombie (D:7)
  5 big fish
  2 goliath beetles
  3 crimson imps
  13 hounds
  29 orc priests
  Crazy Yiuf (D:3)
  A spider (shapeshifter) (Vaults:5)
  2 gnoll shamans
  An iron imp (Elf:3)
  46 orc wizards
  4 scorpions
  10 worker ants
  A black bear skeleton (D:3)
  7 iguanas
  3 spectral orcs (Lair:1)
  A warg skeleton (Crypt:1)
  An orange rat (Elf:1)
  3 sheep (D:8)
  A sky beast zombie (D:9)
  Ijyb (D:4)
  3 boggarts (D:15)
  A tengu skeleton (Crypt:2)
  23 adders
  60 green rats
  17 gnolls
  A giant centipede (shapeshifter) (Vaults:5)
  2 lemures (D:3)
  6 giant centipedes
  2 worms
  2 ufetubi
  An iguana zombie (Crypt:3)
  5 orc zombies (Orc:4)
  5 grey rats
  A giant eyeball (D:11)
  2 oozes
  149 orcs
  29 bats
  6 giant cockroaches
  15 hobgoblins
  38 jackals
  10 kobolds
  14 quokkas
  2 ball pythons
  7 giant geckos
  3 giant gecko skeletons
  5 giant newts
  A giant newt skeleton (Crypt:2)
  9 goblins
  2 hobgoblin skeletons
  An orc skeleton (D:4)
  14 rats
  A rat skeleton (D:8)
  3 ballistomycetes (D:9)
  A crawling corpse (Vaults:5)
  3 fungi
  3 plants
1691 creatures vanquished.

Vanquished Creatures (collateral kills)
  Mara (Elf:3)
  A golden dragon (Vaults:5)
  A tentacled monstrosity (Vaults:5)
  A lich (Vaults:5)
  A vault warden (Vaults:5)
  A deep elf sorcerer (Elf:3)
  An orc warlord (Orc:4)
  A stone giant (Vaults:5)
  A yaktaur captain (Vaults:5)
  An ogre mage (Vaults:5)
  A deep elf knight (Elf:1)
  A deep elf summoner (Elf:1)
  A deep elf priest (Elf:1)
  A deep elf fighter (Elf:1)
  3 orc warriors (Orc:4)
  An orange rat (Elf:1)
  5 orcs (Orc:4)
23 creatures vanquished.

Vanquished Creatures (others)
  A tengu reaver (Vaults:5)
  2 balrugs
  A green death (Orc:4)
  A deep elf high priest (Elf:3)
  A deep elf knight (Elf:1)
  A hill giant (D:14)
  A fire elemental (Swamp:5)
  An orc (Orc:2)
  2 giant spores
  A jackal (Lair:3)
  4 fungi (Lair:8)
16 creatures vanquished.

Grand Total: 1730 creatures vanquished

Notes
Turn   | Place    | Note
--------------------------------------------------------------
     0 | D:1      | Daniel, the Deep Dwarf Fighter, began the quest for the Orb.
     0 | D:1      | Reached XP level 1. HP: 20/20 MP: 1/1
   147 | D:2      | Reached XP level 2. HP: 27/27 MP: 2/2
   410 | D:2      | Found a shimmering altar of Xom.
   444 | D:2      | Reached XP level 3. HP: 28/33 MP: 3/3
   494 | D:3      | Reached skill level 4 in Long Blades
   566 | D:3      | Noticed Crazy Yiuf
   576 | D:3      | Killed Crazy Yiuf
   576 | D:3      | Reached XP level 4. HP: 40/40 MP: 4/4
   675 | D:4      | Noticed Eustachio
   784 | D:3      | Reached skill level 5 in Long Blades
   829 | D:3      | Killed Eustachio
   829 | D:3      | Reached skill level 6 in Long Blades
   829 | D:3      | Reached XP level 5. HP: 36/46 MP: 5/5
   829 | D:3      | Reached XP level 6. HP: 43/55 MP: 6/6
  1195 | D:4      | Noticed Seskara's ghost (average GrHu)
  1204 | D:5      | Entered Level 5 of the Dungeon
  1212 | D:5      | Found a radiant altar of Vehumet.
  1213 | D:5      | Found a bloodstained altar of Trog.
  1272 | D:5      | Reached skill level 7 in Long Blades
  1497 | D:6      | Reached XP level 7. HP: 27/61 MP: 7/7
  1587 | D:6      | Found a shattered altar of Ashenzari.
  1653 | D:6      | HP: 2/61 [wight/great sword (5)]
  1679 | D:6      | Reached skill level 8 in Long Blades
  1761 | D:6      | Reached skill level 9 in Long Blades
  2124 | D:7      | Reached XP level 8. HP: 53/68 MP: 4/4
  2168 | D:7      | Found an iron altar of Okawaru.
  2182 | D:7      | Reached skill level 10 in Long Blades
  2278 | D:7      | Got a faintly humming chain mail
  2379 | D:7      | Reached skill level 11 in Long Blades
  2527 | D:8      | Gained mutation: You passively map the area around you. [level up]
  2527 | D:8      | Reached XP level 9. HP: 28/74 MP: 4/4
  2699 | D:5      | Noticed Edmund
  2714 | D:5      | Killed Edmund
  2714 | D:5      | Reached skill level 12 in Long Blades
  2954 | D:4      | Killed Seskara's ghost
  2984 | D:4      | Noticed Ijyb
  2994 | D:4      | Killed Ijyb
  2998 | D:4      | Found a staircase to the Ecumenical Temple.
  3014 | Temple   | Entered the Ecumenical Temple
  3018 | Temple   | Became a worshipper of Makhleb the Destroyer
  3299 | D:8      | Reached skill level 13 in Long Blades
  3402 | D:8      | Acquired Makhleb's first power
  3518 | D:8      | Noticed Grum
  3715 | D:8      | Reached XP level 10. HP: 51/81 MP: 2/2
  3743 | D:8      | Found a staircase to the Lair.
  3761 | D:8      | Reached skill level 14 in Long Blades
  3875 | D:8      | Killed Grum
  3910 | D:9      | Noticed timbw's ghost (experienced HuGl)
  3968 | Lair:1   | Entered Level 1 of the Lair of Beasts
  3998 | Lair:1   | Identified the +5 chain mail of Patolubb {+Rage +Inv rN+ Acc-2} (You found it on level 7 of the Dungeon)
  4055 | Lair:1   | Noticed Gastronok
  4101 | Lair:2   | Acquired Makhleb's second power
  4217 | Lair:2   | Found a labyrinth entrance.
  4281 | Lab      | Entered a labyrinth
  4662 | Lab      | Paralysed by a potion of paralysis for 4 turns
  4714 | Lab      | Noticed a minotaur
  4719 | Lab      | Killed a minotaur
  4729 | Lab      | Got a bloodstained morningstar
  4748 | Lair:2   | Identified the +2,+10 morningstar of the Vaults {crush, rElec} (You found it in a labyrinth)
  4748 | Lair:2   | Identified the +2,+10 morningstar of the Vaults {crush, rElec} (You found it in a labyrinth)
  4794 | Lair:2   | Identified a scroll of acquirement
  4801 | Lair:2   | Got a heavily runed cloak
  4805 | Lair:2   | Identified the -5 cloak of Impressiveness {rElec} (You acquired it on level 2 of the Lair of Beasts)
  4816 | Lair:2   | Reached skill level 5 in Armour
  4988 | Lair:3   | Noticed runewalsh's ghost (powerful OpWz)
  5010 | Lair:3   | Killed runewalsh's ghost
  5010 | Lair:3   | Reached skill level 15 in Long Blades
  5027 | Lair:3   | Acquired Makhleb's third power
  5087 | Lair:3   | Reached XP level 11. HP: 50/93 MP: 3/3
  5234 | Lair:3   | Reached skill level 5 in Fighting
  5302 | Lair:3   | Noticed a five-headed hydra
  5312 | Lair:3   | Killed a one-headed hydra
  5396 | Lair:3   | Acquired Makhleb's fourth power
  5496 | Lair:4   | Found a dark tunnel.
  5554 | Volcano  | Entered a volcano
  5580 | Volcano  | Noticed a fire crab
  5628 | Volcano  | Killed a fire crab
  5650 | Volcano  | Noticed oplop's ghost (powerful DsAK)
  5662 | Volcano  | Killed oplop's ghost
  5990 | Lair:5   | Reached skill level 1 in Evocations
  6013 | Lair:5   | Reached skill level 1 in Invocations
  6015 | Lair:5   | Acquired Makhleb's fifth power
  6072 | Lair:6   | Reached skill level 16 in Long Blades
  6320 | Lair:7   | Found a viscous altar of Jiyva.
  6322 | Lair:7   | Found a staircase to the Slime Pits.
  6448 | Lair:8   | Entered Level 8 of the Lair of Beasts
  6604 | Lair:8   | Reached XP level 12. HP: 105/105 MP: 9/9
  6923 | Lair:8   | Noticed a five-headed hydra
  6929 | Lair:8   | Noticed a wizard
  6931 | Lair:8   | Killed a one-headed hydra
  6938 | Lair:8   | Killed a wizard
  6968 | Lair:8   | Found a burning altar of Makhleb.
  6970 | Lair:8   | Noticed a sun demon
  7037 | Lair:8   | Reached skill level 5 in Evocations
  7123 | Lair:8   | HP: 2/106 [sun demon (16)]
  7135 | Lair:8   | Killed a sun demon
  7142 | Lair:8   | Reached skill level 5 in Invocations
  7160 | Lair:8   | Found a gateway to Hell.
  7194 | Lair:8   | the gateway to Hell was a mimic.
  7650 | Lair:7   | Reached skill level 17 in Long Blades
  8088 | Lair:6   | Found a staircase to the Snake Pit.
  8165 | Lair:6   | Found a staircase to the Swamp.
  8371 | Lair:6   | Reached XP level 13. HP: 106/115 MP: 10/10
  8743 | Lair:4   | 4tharraofdagon: hey
  8753 | Lair:4   | 4tharraofdagon: what are your mutations
  8755 | Lair:4   | Daniel: hey
  8755 | Lair:4   | Daniel: nothing
  8755 | Lair:4   | 4tharraofdagon: show
  8755 | Lair:4   | 4tharraofdagon: i dont believe you
  8755 | Lair:4   | Daniel: :D
  8755 | Lair:4   | Daniel: i havent found mut pot yet
  8755 | Lair:4   | Daniel: dude
  8755 | Lair:4   | Daniel: do you know if melee fighting has changed?
  8755 | Lair:4   | Daniel: i feel like i miss a lot of hits
  8755 | Lair:4   | 4tharraofdagon: idk
  8755 | Lair:4   | Daniel: lot more than before
  8763 | Lair:4   | 4tharraofdagon: i havent played recently
  8763 | Lair:4   | Daniel: see
  8763 | Lair:4   | Daniel: and i have very decent skills
  8763 | Lair:4   | 4tharraofdagon: show me your stats
  8763 | Lair:4   | Daniel: its just nonsense
  8763 | Lair:4   | Daniel: and i have +8 accuracy yesteday
  8763 | Lair:4   | Daniel: from some item
  8763 | Lair:4   | Daniel: and it was the same
  8763 | Lair:4   | 4tharraofdagon: its strange
  8763 | Lair:4   | Daniel: missing every time
  8763 | Lair:4   | Daniel: im sure the devs changed something
  8763 | Lair:4   | Daniel: because of the recent DD wins
  8763 | Lair:4   | 4tharraofdagon: im pretty sure one dev fucked up things in trunk badly
  8763 | Lair:4   | 4tharraofdagon: half of the keys are broken
  8763 | Lair:4   | Daniel: how?
  8763 | Lair:4   | 4tharraofdagon: like shift a,shift ?,shift 5
  8763 | Lair:4   | 4tharraofdagon: melee got horrible
  8763 | Lair:4   | 4tharraofdagon: and few other things fucked
  8763 | Lair:4   | Daniel: searching not works for me
  8763 | Lair:4   | Daniel: since yesterday
  8763 | Lair:4   | Daniel: quit the window instantly
  8763 | Lair:4   | 4tharraofdagon: you cant even see list of keys
  8767 | Lair:4   | Daniel: this is a joke
  9617 | Lair:1   | Noticed Nergalle
  9647 | Lair:1   | Killed Nergalle
  9656 | Lair:1   | Killed Gastronok
 10287 | D:9      | Noticed Erolcha
 10294 | D:9      | Killed Erolcha
 10479 | D:9      | Noticed Prince Ribbit
 10486 | D:9      | Killed Prince Ribbit
 10557 | D:9      | Killed timbw's ghost
 10608 | D:9      | Reached skill level 10 in Armour
 10788 | D:10     | Entered Level 10 of the Dungeon
 10818 | D:10     | Found a staircase to the Orcish Mines.
 10830 | D:10     | Found a roughly hewn altar of Beogh.
 11201 | D:10     | Noticed Fannar
 11222 | D:10     | Killed Fannar
 11531 | D:10     | Gained mutation: You are resistant to hostile enchantments. [potion of beneficial mutation]
 11533 | Orc:1    | Entered Level 1 of the Orcish Mines
 12365 | Orc:3    | Found Creg's General Store.
 12394 | Orc:3    | Bought a wand of disintegration (9) for 182 gold pieces
 12394 | Orc:3    | Bought a scroll of remove curse for 42 gold pieces
 12658 | Orc:4    | Entered Level 4 of the Orcish Mines
 12815 | Orc:4    | Noticed an orc warlord
 12850 | Orc:4    | Killed an orc warlord
 12858 | Orc:4    | Gained mutation: You resist negative energy. [level up]
 12858 | Orc:4    | Reached XP level 14. HP: 52/127 MP: 12/14
 12895 | Orc:4    | Found a staircase to the Elven Halls.
 13287 | Orc:4    | Reached skill level 10 in Evocations
 13390 | Orc:4    | Found Zegobaar's Food Boutique.
 13390 | Orc:4    | Found Reuffix's Magical Wand Shop.
 13392 | Orc:4    | Found Gouxuc's Food Shop.
 13414 | Orc:4    | Found Iwog's Armour Boutique.
 13417 | Orc:4    | Bought a wand of teleportation (5) for 378 gold pieces
 13507 | Elf:1    | Entered Level 1 of the Elven Halls
 13594 | Elf:1    | Noticed a deep elf sorcerer
 13617 | Elf:1    | Killed a deep elf sorcerer
 13621 | Elf:1    | Reached skill level 10 in Invocations
 13867 | Elf:2    | Noticed Norris
 13885 | Elf:2    | Killed Norris
 13987 | Elf:3    | Entered Level 3 of the Elven Halls
 13996 | Elf:3    | Noticed Mara
 14001 | Elf:3    | Noticed Daniel's illusion
 14017 | Elf:2    | Found Olaifiuqu's Book Shoppe.
 14326 | Elf:2    | Noticed Louise
 14354 | Elf:2    | Killed Louise
 14370 | Elf:2    | Noticed Nikola
 14393 | Elf:2    | Killed Nikola
 14553 | Elf:3    | Noticed Jorgrun
 14553 | Elf:3    | Noticed Saint Roka
 14665 | Elf:3    | Noticed Daniel's illusion
 14680 | Elf:3    | Noticed Mara
 14680 | Elf:3    | Noticed Mara
 14680 | Elf:3    | Killed Mara
 14680 | Elf:3    | Reached skill level 10 in Fighting
 14680 | Elf:3    | Reached skill level 5 in Shields
 14693 | Elf:3    | Killed Jorgrun
 14807 | Elf:3    | Reached XP level 15. HP: 121/138 MP: 15/15
 14987 | Elf:3    | Killed Saint Roka
 15102 | Elf:3    | Got a jewelled broad axe
 15276 | Elf:3    | Noticed a deep elf sorcerer
 15278 | Elf:3    | Noticed a deep elf blademaster
 15322 | Elf:3    | Killed a deep elf blademaster
 15350 | Elf:3    | Noticed a deep elf blademaster
 15363 | Elf:3    | Killed a deep elf blademaster
 15390 | Elf:3    | Noticed a deep elf master archer
 15405 | Elf:3    | Killed a deep elf master archer
 15486 | Elf:3    | Killed a deep elf sorcerer
 15561 | Elf:3    | Noticed a deep elf sorcerer
 15577 | Elf:3    | Killed a deep elf sorcerer
 15590 | Elf:3    | Noticed a deep elf master archer
 15602 | Elf:3    | Killed a deep elf master archer
 15612 | Elf:3    | Noticed a deep elf sorcerer
 15620 | Elf:3    | Killed a deep elf sorcerer
 15624 | Elf:3    | Noticed a deep elf sorcerer
 15669 | Elf:3    | Killed a deep elf sorcerer
 15691 | Elf:3    | Noticed a deep elf blademaster
 15787 | Elf:3    | Killed a deep elf blademaster
 15939 | Elf:3    | Got a fine bronze amulet
 15963 | Elf:3    | Identified the amulet "Phuprot" {Gourm Dex+2 Int-4} (You took it off a deep elf demonologist on level 3 of the Elven Halls)
 16055 | Elf:3    | Noticed a deep elf sorcerer
 16244 | Elf:3    | Killed a deep elf sorcerer
 16357 | Elf:3    | Reached XP level 16. HP: 151/151 MP: 17/17
 16383 | Elf:3    | Noticed a deep elf sorcerer
 16414 | Elf:3    | Killed a deep elf sorcerer
 16435 | Elf:3    | Noticed a deep elf blademaster
 16464 | Elf:3    | Killed a deep elf blademaster
 16479 | Elf:3    | Got a glittering ivory ring
 16574 | Elf:3    | Reached skill level 15 in Evocations
 16651 | Elf:3    | Identified the Incunabulum of the Forgotten Gods
 16751 | Elf:3    | Got a dazzling falchion
 16779 | Elf:3    | Identified a +0 pair of boots of running (You found it on level 3 of the Elven Halls)
 16801 | Elf:3    | Got a smoking ivory ring
 16802 | Elf:3    | Identified the ring "Otweke Tily" {SustAb rPois Str+1} (You took it off a deep elf blademaster on level 3 of the Elven Halls)
 16803 | Elf:3    | Identified the cursed ring of Phuydo {Hunger Dex+3} (You found it on level 3 of the Elven Halls)
 16854 | Elf:3    | Identified the +6,+7 falchion of Chuomung {slice, +Fly rPois rC+} (You took it off a deep elf death mage on level 3 of the Elven Halls)
 16854 | Elf:3    | Identified the +6,+7 falchion of Chuomung {slice, +Fly rPois rC+} (You took it off a deep elf death mage on level 3 of the Elven Halls)
 16962 | Elf:3    | Got a smoking marble ring
 17337 | Elf:2    | Identified the cursed ring "Ajiyrisiatt" {Regen Str-1 Int-3} (You took it off a deep elf annihilator on level 3 of the Elven Halls)
 17680 | Swamp:1  | Entered Level 1 of the Swamp
 18169 | Swamp:5  | Entered Level 5 of the Swamp
 18187 | Swamp:5  | Noticed Rupert
 18207 | Swamp:5  | Killed Rupert
 18460 | Swamp:5  | Reached skill level 15 in Armour
 18590 | Swamp:5  | Noticed the 27-headed Lernaean hydra
 18598 | Swamp:5  | Killed the 26-headed Lernaean hydra
 18692 | Swamp:5  | Got a decaying rune of Zot
 18694 | Swamp:5  | Got an encrusted crystal plate armour
 18719 | Swamp:5  | Identified the +0 crystal plate armour "Emak" {Str+3} (You acquired it on level 5 of the Swamp)
 19142 | Swamp:3  | Reached XP level 17. HP: 164/164 MP: 18/18
 19236 | Swamp:3  | Noticed Roxanne
 19686 | Swamp:2  | Gained mutation: You have a pair of small horns on your head. [potion of beneficial mutation]
 19983 | Swamp:1  | Got a twisted cloak
 19987 | Swamp:1  | Identified the cursed +1 cloak "Uxuic" {Int+3} (You found it on level 1 of the Swamp)
 20242 | Snake:1  | Entered Level 1 of the Snake Pit
 20661 | Snake:5  | Entered Level 5 of the Snake Pit
 20661 | Snake:5  | Noticed Agnes
 20661 | Snake:5  | Noticed Illaniel's ghost (mighty HESk)
 21121 | Snake:5  | Killed Illaniel's ghost
 21133 | Snake:5  | Noticed Lamia
 21792 | Snake:5  | Killed Agnes
 22029 | Snake:5  | Got a serpentine rune of Zot
 22355 | Snake:3  | Gained mutation: You passively map a large area around you. [level up]
 22355 | Snake:3  | Reached XP level 18. HP: 175/175 MP: 20/20
 22483 | Snake:2  | Found a burning altar of Makhleb.
 22838 | Lair:6   | Upgraded the game from 0.14-a0-1330-g3eed206 to 0.14-a0-1361-g0512ea0
 23151 | D:11     | Paralysed by a giant eyeball for 2 turns
 23333 | D:12     | Found Kuizanuc's Food Shop.
 23768 | D:15     | Entered Level 15 of the Dungeon
 23791 | D:15     | Reached skill level 18 in Armour
 24594 | D:14     | Found a gate to the Vaults.
 24661 | Vaults:1 | Entered Level 1 of the Vaults
 25448 | Vaults:3 | Reached skill level 15 in Fighting
 25451 | Vaults:3 | Found Alot Tac's Weapon Shoppe.
 25459 | Vaults:3 | Daniel: so much money and nothing to spend on
 25539 | Vaults:4 | Reached skill level 19 in Armour
 25585 | Vaults:5 | Entered Level 5 of the Vaults
 25585 | Vaults:5 | Noticed a golden dragon
 25914 | Vaults:5 | Reached XP level 19. HP: 186/186 MP: 20/20
 26041 | Vaults:4 | Upgraded the game from 0.14-a0-1361-g0512ea0 to 0.14-a0-1378-gf8e6a88
 26111 | Vaults:5 | Killed a golden dragon
 26336 | Vaults:5 | Reached skill level 20 in Armour
 26513 | Vaults:5 | Noticed a golden dragon
 26576 | Vaults:5 | Killed a golden dragon
 27161 | Vaults:5 | Reached XP level 20. HP: 166/196 MP: 19/19
 27248 | Vaults:5 | Turgon: lol
 27267 | Vaults:5 | Daniel: :)
 27267 | Vaults:5 | Turgon: The rune bites you
 27396 | Vaults:5 | Reached skill level 21 in Armour
 27455 | Vaults:5 | Got a silver rune of Zot
 27472 | Vaults:5 | Turgon: 3rd rune with 25 k!
 27474 | Vaults:5 | Daniel: ye
 27474 | Vaults:5 | Daniel: and elves cleared
 27474 | Vaults:5 | Daniel: and i have shitty eq
 27476 | Vaults:5 | Turgon: ?
 27476 | Vaults:5 | Daniel: bad items
 27476 | Vaults:5 | Daniel: and butchered 2 gold dragon
 27476 | Vaults:5 | Turgon: ah, equipment
 27476 | Vaults:5 | Daniel: and no hide
 27521 | Vaults:5 | Turgon: A dwarf with horns
 27523 | Vaults:5 | Turgon: :-)
 27523 | Vaults:5 | Daniel: =minotaur
 27535 | Vaults:5 | Turgon: Ah, +0,+7 slaying
 27538 | Vaults:5 | Turgon: There we are, that's why it looks so easy
 27538 | Vaults:5 | Daniel: and crystal plate
 27706 | Vaults:5 | Got a twitching brass ring
 27723 | Vaults:5 | Daniel: and search still not working
 27731 | Vaults:5 | Turgon: ?
 27732 | Vaults:5 | Turgon: Due to trunk problems?
 27732 | Vaults:5 | Daniel: window quits instantly
 27732 | Vaults:5 | Daniel: dont know
 27807 | Vaults:5 | Daniel: i want to quit
 27807 | Vaults:5 | Daniel: but idk
 27835 | Vaults:5 | Turgon: Maybe sleep a night?
 27843 | Vaults:5 | Turgon: And decide tomorrow
 27843 | Vaults:5 | Daniel: i have this character since thursday i think
 27843 | Vaults:5 | Daniel: but didn't played him
 27843 | Vaults:5 | Daniel: because it's boring
 27845 | Vaults:4 | Turgon: Too easy?
 27845 | Vaults:4 | Daniel: i guess im going to tomb now
 27845 | Vaults:4 | Daniel: not just that its easy
 27845 | Vaults:4 | Daniel: but i want to try something out
 27856 | Vaults:4 | Turgon: what?
 27858 | Vaults:3 | Daniel: mino hunter
 27858 | Vaults:3 | Daniel: with maxed throwing skill
 27858 | Vaults:3 | Daniel: im curious how that works
 27858 | Vaults:3 | Daniel: in endgame
 27869 | Vaults:3 | Turgon: You can keep your DD and start the MiHu in another version
 27870 | Vaults:3 | Daniel: yes,maybe
 27872 | Vaults:3 | Turgon: I did it sometimes like this
 27887 | Vaults:3 | Turgon: Now I started again after a break of about 6 or 7 weeks
 27919 | Vaults:3 | Turgon: Still this DsFE with 10 runes, and I didn't want to continue
 27933 | Vaults:3 | Turgon: So I kept him alive and started a 0.11 game
 27939 | Vaults:3 | Identified the ring of Xom's Righteous Anger {Str+2 Int+2} (You took it off a vault guard on level 5 of the Vaults)
 27940 | Vaults:3 | Daniel: but i'd like to play in trunk
 27940 | Vaults:3 | Turgon: :-)
 27940 | Vaults:3 | Daniel: because i like the recent changes
 27970 | Vaults:2 | Turgon: CeHu with longbow is strong (maybe I said it before)
 27993 | Vaults:3 | Daniel: yes you did
 27993 | Vaults:3 | Turgon: Crossbows are much weaker than longbows, so I don't expect too much of a MiHu
 27993 | Vaults:3 | Daniel: and i tried it out
 27993 | Vaults:3 | Daniel: but not crossbows
 27993 | Vaults:3 | Daniel: throwing
 28001 | Vaults:3 | Daniel: with tomahawks and javelins
 28001 | Vaults:3 | Daniel: and blowguns
 28001 | Vaults:3 | Daniel: maxed throwing skill
 28011 | Vaults:3 | Turgon: But longbows are by far the best choice for a hunter afaik
 28306 | Vaults:3 | Turgon: Which changes do you like in trunk?
 28353 | Vaults:3 | Found a staircase to the Hall of Blades.
 28384 | Vaults:3 | Daniel: autoabjure, runelock
 28412 | Vaults:3 | Turgon: autoabjure?
 28434 | Vaults:3 | Daniel: when you kill summoners
 28434 | Vaults:3 | Daniel: everything is abjured
 28439 | Vaults:3 | Turgon: ah, ok
 28449 | Vaults:3 | Turgon: yes, that's good
 28524 | Vaults:3 | Turgon: what is runelock?
 28593 | Vaults:3 | Daniel: you cannot go deeper than 16
 28593 | Vaults:3 | Daniel: without a rune
 28593 | Vaults:3 | Daniel: and anything under that is depth
 28593 | Vaults:3 | Turgon: I didn't know you need a rune for depths!
 28593 | Vaults:3 | Daniel: and its full with dungeon ending enemies
 28642 | Vaults:3 | Turgon: Yes, I saw how difficult depths are
 28751 | Vaults:2 | Found a staircase to the Crypt.
 28751 | Vaults:2 | Found an ancient bone altar of Kikubaaqudgha.
 28752 | Vaults:2 | Found a basalt altar of Yredelemnul.
 28758 | Crypt:1  | Entered Level 1 of the Crypt
 28829 | Crypt:1  | Turgon: XL 21 and looking for tomb, that's brave
 28851 | Crypt:1  | Turgon: XL 20*
 28853 | Crypt:1  | Found a basalt altar of Yredelemnul.
 28882 | Crypt:1  | Turgon: ,
 28899 | Crypt:1  | Turgon: 4thArraOfDaniel
 28917 | Crypt:1  | Turgon: :-)
 28917 | Crypt:1  | Daniel: no
 28917 | Crypt:1  | Daniel: he would be in pan now
 29145 | Crypt:3  | Turgon: Are you happy you got crypt? Or would you have liked forest more?
 29169 | Crypt:3  | Daniel: yes im happy
 29169 | Crypt:3  | Daniel: i hate forest
 29169 | Crypt:3  | Daniel: its more harder i think
 29178 | Crypt:3  | Turgon: I think so too
 29227 | Crypt:3  | Turgon: You always have to be careful
 29245 | Crypt:3  | Turgon: Forest can be compared to spider imo
 29328 | Crypt:4  | Noticed Frances
 29344 | Crypt:4  | Killed Frances
 29362 | Crypt:3  | Turgon: Why do you improve evo that much?
 29532 | Crypt:2  | Found a staircase to the Tomb.
 29534 | Crypt:2  | Daniel: because it has good apts
 29534 | Crypt:2  | Turgon: +4!
 29538 | Crypt:2  | Turgon: I'm DD noob
 29543 | Tomb:1   | Entered Level 1 of the Tomb of the Ancients
 29578 | Tomb:1   | Noticed a greater mummy
 29584 | Tomb:1   | HP: 5/199 [something (9)]
 29585 | Tomb:1   | Daniel: that was a bad teleport i guess
 29587 | Tomb:1   | HP: 2/199 [ettin skeleton[a mummy priest] (20)]
 29587 | Tomb:1   | Killed from afar by a mummy priest

Action                   |  1- 3 |  4- 6 |  7- 9 | 10-12 | 13-15 | 16-18 | 19-21 || total
-------------------------+-------+-------+-------+-------+-------+-------+-------++-------
Melee: Falchion          |    85 |   258 |    48 |       |       |       |       ||   391
       Great sword       |       |       |   139 |       |       |       |       ||   139
       Scimitar          |       |       |   268 |   989 |  1357 |  1005 |    50 ||  3669
       Morningstar       |       |       |       |     9 |       |       |       ||     9
       Demon blade       |       |       |       |       |   154 |  1151 |   966 ||  2271
Throw: Tomahawk          |       |       |       |       |     2 |       |       ||     2
Invok: Greater Servant o |       |       |       |       |     4 |       |     1 ||     5
 Abil: Device Recharging |       |       |     8 |     5 |     2 |     2 |     3 ||    20
       Evoke Teleportati |       |       |       |       |       |       |     2 ||     2
Evoke: Wand              |     1 |     4 |    32 |    39 |    21 |    17 |    13 ||   127
       lamp of fire      |       |       |       |       |       |     2 |       ||     2
  Use: Potion            |       |       |     6 |     6 |    11 |     4 |     2 ||    29
       Scroll            |       |       |     4 |    12 |    19 |    12 |    11 ||    58
 Stab: Distracted        |       |       |       |       |     5 |       |       ||     5
       Confused          |       |       |       |       |     2 |     3 |       ||     5
